[Event "*** Titled Tuesday Blitz"]
[Site "Chess.com"]
[Date "2021.04.06"]
[Round "8"]
[White "fyall777"]
[Black "Arseniy_Nesterov"]
[Result "0-1"]
[WhiteElo "2441"]
[BlackElo "2745"]
[TimeControl "180+1"]
[EndTime "11:28:18 PDT"]
[Termination "Arseniy_Nesterov won by checkmate"]

1. e4 e5 2. Nf3 Nc6 3. Bb5 a6 4. Ba4 b5 5. Bb3 Na5 6. O-O d6 7. d4 exd4 8. Nxd4 Bb7 9. Re1 c5 10. Nf5 c4 11. e5 d5 12. Qg4 g6 13. Nd6+ Bxd6 14. exd6+ Kf8 15. d7 Qc7 16. Bf4 Qc6 17.
Be5 f6 18. Bc3 cxb3 19. Bxa5 bxc2 20. Nc3 d4 21. Ne2 f5 22. Qxd4 Qxg2# 0-1

[Event "*** Titled Tuesday Blitz"]
[Site "Chess.com"]
[Date "2021.04.06"]
[Round "8"]
[White "swisspower96"]
[Black "tandaleo"]
[Result "1-0"]
[WhiteElo "2565"]
[BlackElo "2408"]
[TimeControl "180+1"]
[EndTime "11:28:19 PDT"]
[Termination "swisspower96 won by resignation"]

1. d4 Nf6 2. c4 g6 3. Nc3 Bg7 4. e4 d6 5. h3 O-O 6. Be3 c5 7. Nf3 a6 8. Be2 Nc6 9. O-O cxd4 10. Nxd4 Nd7 11. Rc1 a5 12. Kh1 Nc5 13. f4 f5 14.
e5 Ne6 15. Nxe6 Bxe6 16. exd6 exd6 17. b3 Qe7 18. Re1 Rad8 19. Bf3 Qf7 20. Nd5 Nb4 21. Qd2 Bxd5 22. cxd5 Rfe8 23. Bb6 Rxe1+ 24. Rxe1 Re8 25.
Re6 Rxe6 26. dxe6 Qxe6 27. Bxa5 1-0

[Event "*** Titled Tuesday Blitz"]
[Site "Chess.com"]
[Date "2021.04.06"]
[Round "8"]
[White "2Tilted"]
[Black "ural58"]
[Result "0-1"]
[WhiteElo "2341"]
[BlackElo "2487"]
[TimeControl "180+1"]
[EndTime "11:28:21 PDT"]
[Termination "ural58 won by resignation"]

1. d4 d5 2. c4 e5 3. dxe5 d4 4. Nf3 Nc6 5. g3 Nge7 6. Bg2 Ng6 7. O-O Ngxe5 8. Nxe5 Nxe5 9. Bf4 Ng6 10. Bd2 Be7 11.
Qb3 O-O 12. Na3 c6 13. Bb4 Re8 14. Rfe1 Bg4 15. Bxe7 Rxe7 16. Qd3 Ne5 17. Qc2 Qa5 18. h3 Be6 19. f4 Nd7 20. Rad1 Rd8 21. Rxd4 Qxe1+ 22. Kh2 Rde8 23. f5 Nf6 24. fxe6 Rxe6 25. e4 Nxe4 26.
Bxe4 Rxe4 27. Rxe4 Qxe4 28. Qxe4 Rxe4 29. Kg1 Re2 30. b3 Rxa2 31. Nb1 Ra1 0-1

[Event "*** Titled Tuesday Blitz"]
[Site "Chess.com"]
[Date "2021.04.06"]
[Round "8"]
[White "esapunov"]
[Black "AttilaTurzo"]
[Result "1-0"]
[WhiteElo "2714"]
[BlackElo "2511"]
[TimeControl "180+1"]
[EndTime "11:28:24 PDT"]
[Termination "esapunov won by resignation"]

1. c4 c6 2. Nf3 d5 3. b3 Bg4 4. e3 Nd7 5. h3 Bxf3 6. Qxf3 Ngf6 7. Nc3 e6 8. Bb2 Bd6 9. d4 O-O 10. Bd3 Qe7 11. O-O Ba3 12. Qe2 Bxb2 13. Qxb2 Rfe8 14.
Rfd1 a5 15. Rac1 Qb4 16. a3 Qb6 17. Rb1 Rac8 18. Bf1 Ne4 19. Nxe4 dxe4 20. Qc2 f5 21. b4 axb4 22. axb4 Qc7 23. Qb3 b6 24. c5 b5 25.
Ra1 Nf6 26. Ra6 Nd5 27. Rda1 Qd7 28. g3 h6 29. Be2 Kh7 30. Bd1 Rc7 31. Qb2 g5 32.
Bb3 Rf8 33. Bxd5 exd5 34. Qe2 Kg6 35. f4 gxf4 36. gxf4 Kh7 37. Kh2 Rg8 38. Qh5 Qe6 39. Ra7 Rxa7 40. Rxa7+ Rg7 41. Ra8 Rf7 42. Rd8 Qg6 43.
Rh8+ 1-0

[Event "*** Titled Tuesday Blitz"]
[Site "Chess.com"]
[Date "2021.04.06"]
[Round "8"]
[White "Gerodot71"]
[Black "Keures"]
[Result "1-0"]
[WhiteElo "2541"]
[BlackElo "2354"]
[TimeControl "180+1"]
[EndTime "11:28:24 PDT"]
[Termination "Gerodot71 won by resignation"]

1. d4 Nf6 2. c4 e6 3. Nc3 Bb4 4. f3 d5 5. a3 Bxc3+ 6. bxc3 c5 7. cxd5 exd5 8. e3 O-O 9. Bd3 Re8 10. Ne2 b6 11.
O-O Ba6 12. Ng3 Bxd3 13. Qxd3 Nbd7 14. Bb2 Nf8 15. e4 dxe4 16. fxe4 cxd4 17. cxd4 Ne6 18.
e5 Nd5 19. Nf5 Qg5 20. Nd6 Re7 21. Bc1 Qg4 22. Bb2 Nef4 23. Qf3 Qxf3 24. Rxf3 f6 25.
Rd1 Rc7 26. Rd2 g5 27. g3 Nh3+ 28. Kg2 g4 29. Rfd3 fxe5 30. dxe5 Rf8 31. Rxd5 Ng5 32. R5d4 Nf3 33. Rxg4+ Kh8 34. e6+ 1-0

[Event "*** Titled Tuesday Blitz"]
[Site "Chess.com"]
[Date "2021.04.06"]
[Round "8"]
[White "VladaSviridova"]
[Black "akanga001"]
[Result "1-0"]
[WhiteElo "2230"]
[BlackElo "2038"]
[TimeControl "180+1"]
[EndTime "11:28:24 PDT"]
[Termination "VladaSviridova won by checkmate"]

1. d4 Nf6 2. c4 b6 3. Nc3 Bb7 4.
d5 d6 5. e4 g6 6. Nf3 Nbd7 7. Bd3 Bg7 8. O-O O-O 9. Re1 c5 10.
h3 a6 11. a4 Qc7 12. Be3 e6 13. Qd2 Rae8 14. Bh6 exd5 15. exd5 Rxe1+ 16. Rxe1 Re8 17.
Bxg7 Kxg7 18. Rxe8 Nxe8 19. Qe3 Ndf6 20. g4 h6 21. Ne2 b5 22. axb5 axb5 23. b3 bxc4 24.
bxc4 Bc8 25. Ng3 Qa5 26. Kg2 Qc3 27. Ne2 Qb3 28. Nf4 Bd7 29. g5 hxg5 30. Nxg5 Qb2 31.
Qe7 Qe5 32. Qxf7+ Kh6 33. Qxg6# 1-0

[Event "*** Titled Tuesday Blitz"]
[Site "Chess.com"]
[Date "2021.04.06"]
[Round "8"]
[White "Willhaven3"]
[Black "DinaBelenkaya"]
[Result "1-0"]
[WhiteElo "2510"]
[BlackElo "2360"]
[TimeControl "180+1"]
[EndTime "11:28:25 PDT"]
[Termination "Willhaven3 won on time"]

1. d4 Nf6 2. Nf3 d5 3. c4 dxc4 4. Qa4+ Nbd7 5. Qxc4 c6 6. Bf4 Nb6 7. Qc2 g6 8. e3 Bf5 9. Bd3 Bxd3 10. Qxd3 Bg7 11. O-O O-O 12. Rc1 a5 13. Nbd2 a4 14. b4 Nbd5 15. Be5 Nxb4 16. Qb1 Qa5 17. a3 Nbd5 18. Qxb7 Ra6 19. Rxc6 Rxc6 20. Qxc6 e6 21. Rc1 Ra8 22. Nc4 Qa7 23. Nd6 Ne8 24. Nxe8 Rxe8 25. Qxe8+ Bf8 26. Rc8 Qe7 27. e4 Qxa3 28. h4 Nf4 29. Bxf4 Qa1+ 30. Kh2 Qa3 31. Bh6 1-0

[Event "*** Titled Tuesday Blitz"]
[Site "Chess.com"]
[Date "2021.04.06"]
[Round "8"]
[White "ukchessbomber"]
[Black "PchelkinVK"]
[Result "1-0"]
[WhiteElo "2497"]
[BlackElo "2576"]
[TimeControl "180+1"]
[EndTime "11:28:26 PDT"]
[Termination "ukchessbomber won on time"]

1. d4 Nc6 2. c4 e5 3. dxe5 Nxe5 4. e4 Bc5 5. Nc3 Nf6 6. h3 O-O 7. f4 Nc6 8. Be2 Re8 9. e5 d6 10. exf6 Qxf6 11. Nf3 Nd4 12. Nxd4 Bxd4 13. Qd3 Bf5 14. Qf3 c6 15. g4 Bxc3+ 16. Qxc3 Qh4+ 17. Kf1 Rxe2 18.
Kxe2 Bxg4+ 19. Kf1 Re8 20. Bd2 Re2 21. Be1 Qh5 22. hxg4 Rxe1+ 23. Rxe1 Qxh1+ 24. Ke2 Qg2+ 25. Kd3 Qg3+ 26. Kc2 1-0

[Event "*** Titled Tuesday Blitz"]
[Site "Chess.com"]
[Date "2021.04.06"]
[Round "8"]
[White "kallerotmg"]
[Black "dpopadic"]
[Result "1/2-1/2"]
[WhiteElo "2101"]
[BlackElo "2297"]
[TimeControl "180+1"]
[EndTime "11:28:26 PDT"]
[Termination "Game drawn by agreement"]

1. d4 Nf6 2. Nf3 g6 3. c4 Bg7 4. Nc3 d6 5. e4 O-O 6. h3 e5 7. Be2 Na6 8. d5 Nc5 9. Nd2 a5 10. b3 c6 11. O-O cxd5 12. cxd5 Bd7 13. Nc4 Ncxe4 14. Nxe4 Nxe4 15. Bf3 Nc3 16. Qc2 e4 17. Bb2 exf3 18. Bxc3 Bxc3 19. Qxc3 fxg2 20. Kxg2 Rc8 21. Qg3 Bb5 22. Rfc1 Bxc4 23. bxc4 Qd7 24. Rab1 Rc7 25. Rb5 a4 26. Rb6 Rd8 27. Qf4 Qe7 28. Rc3 Qd7 29.
Re3 h5 30. Qf6 1/2-1/2

[Event "*** Titled Tuesday Blitz"]
[Site "Chess.com"]
[Date "2021.04.06"]
[Round "8"]
[White "MPGM"]
[Black "kikydu96"]
[Result "0-1"]
[WhiteElo "2559"]
[BlackElo "2459"]
[TimeControl "180+1"]
[EndTime "11:28:27 PDT"]
[Termination "kikydu96 won by resignation"]

1. d4 d5 2. Nf3 Nf6 3. c4 c6 4.
g3 dxc4 5. Bg2 b5 6. O-O e6 7. b3 cxb3 8. Qxb3 Bb7 9. Rd1 Be7 10.
Bg5 O-O 11. Nc3 a6 12. Ne5 Nd5 13. Bxe7 Qxe7 14. Ne4 Nd7 15. Nxd7 Qxd7 16. Nc5 Qe7 17. Rac1 a5 18. a3 b4 19. axb4 axb4 20. e4 Nc3 21. Re1 Rfb8 22. Bf1 Bc8 23. Ra1 Rxa1 24. Rxa1 e5 25.
Bc4 exd4 26. Nd3 Nxe4 27. Re1 Bf5 28. f3 Nd2 29. Qd1 Qxe1+ 30. Qxe1 Nxf3+ 0-1

[Event "*** Titled Tuesday Blitz"]
[Site "Chess.com"]
[Date "2021.04.06"]
[Round "8"]
[White "Susik_Gaboyan"]
[Black "catzapto"]
[Result "0-1"]
[WhiteElo "2249"]
[BlackElo "2088"]
[TimeControl "180+1"]
[EndTime "11:28:27 PDT"]
[Termination "catzapto won on time"]

1. Nf3 c5 2. g3 Nc6 3. d3 Nf6 4. Bg2 d6 5. O-O g6 6. Nc3 Bg7 7. e3 O-O 8. d4 e5 9. dxc5 dxc5 10. Qxd8 Rxd8 11. e4 Bg4 12. Bg5 Bxf3 13. Bxf3 Nd4 14.
Bd1 h6 15. Bxf6 Bxf6 16. Nd5 Kg7 17. c3 Nc6 18. Ba4 Ne7 19. Bb3 Nxd5 20. Bxd5 Rab8 21.
a4 Be7 22. a5 a6 23. Rfd1 f5 24. Kg2 Kf6 25. Rd3 b5 26. axb6 Rxb6 27. Ra2 Rdb8 28. Rd2 a5 29. Rxa5 Rxb2 30. Rxb2 Rxb2 31. Ra6+ Kg7 32. Ra7 Kf6 33. Ra6+ Kg7 34. c4 Bg5 0-1

[Event "*** Titled Tuesday Blitz"]
[Site "Chess.com"]
[Date "2021.04.06"]
[Round "8"]
[White "Kotofeyca"]
[Black "NishaOnYoutube"]
[Result "0-1"]
[WhiteElo "2378"]
[BlackElo "2288"]
[TimeControl "180+1"]
[EndTime "11:28:28 PDT"]
[Termination "NishaOnYoutube won by checkmate"]

1. d4 f5 2. Nc3 d5 3. Bg5 g6 4.
e3 Bg7 5. f4 c6 6. Nf3 Nf6 7. Bd3 Ne4 8. Bh4 O-O 9. O-O Kh8 10.
Ne2 Be6 11. b3 Nd7 12. c4 Bg8 13. Qc2 Rc8 14. c5 b6 15. b4 Re8 16. a4 bxc5 17. bxc5 a5 18. Rab1 Rb8 19. Rxb8 Qxb8 20. Rb1 Qc7 21.
Rb3 e6 22. Qb2 Ndxc5 23. Ra3 Nxd3 24. Rxd3 c5 25. Rb3 c4 26. Rb7 Qc6 27. Qb5 Qxb5 28. axb5 Rc8 29. b6 Nd6 30. Rc7 Rb8 31. Be7 Rxb6 32.
Ne5 Rb1+ 33. Kf2 Ne4+ 34. Kf3 Rf1# 0-1

[Event "*** Titled Tuesday Blitz"]
[Site "Chess.com"]
[Date "2021.04.06"]
[Round "8"]
[White "Chandradi"]
[Black "rachidhuilda"]
[Result "1-0"]
[WhiteElo "2387"]
[BlackElo "2265"]
[TimeControl "180+1"]
[EndTime "11:28:28 PDT"]
[Termination "Chandradi won on time"]

1. c4 c6 2. Nf3 d5 3. g3 Nf6 4.
Bg2 Bf5 5. cxd5 cxd5 6. Qb3 Qb6 7.
Qxb6 axb6 8. Nc3 e6 9. d3 Nc6 10. Be3 Bc5 11. Bd2 O-O 12. O-O h6 13. a3 Rfc8 14.
b4 Be7 15. Nb5 Nd7 16. Rac1 Nde5 17. Nxe5 Nxe5 18. Be3 Nd7 19. Rxc8+ Rxc8 20. Rc1 Rxc1+ 21. Bxc1 Kf8 22. e4 Bg6 23. f4 f6 24. Be3 Ke8 25. Kf1 Kd8 26. Ke2 Kc8 27. exd5 exd5 28. Bxd5 Nb8 29.
Be6+ Kd8 30. Bxb6+ Ke8 31. Nc7+ Kf8 32. f5 Bh5+ 33. Ke3 Nc6 34. d4 Nd8 35. Nd5 Bg4 36. Bc8 Ke8 37. Nxe7 Kxe7 38. Bc5+ Kf7 39. Kf4 Bh3 40.
b5 Ke8 41. Bb6 Nf7 42. Bc7 Bg2 43. a4 Ng5 44. a5 Nh3+ 45. Ke3 1-0

[Event "*** Titled Tuesday Blitz"]
[Site "Chess.com"]
[Date "2021.04.06"]
[Round "8"]
[White "mamonika"]
[Black "campomania3"]
[Result "1-0"]
[WhiteElo "2049"]
[BlackElo "2204"]
[TimeControl "180+1"]
[EndTime "11:28:28 PDT"]
[Termination "mamonika won by resignation"]

1. e4 d5 2. exd5 Nf6 3. d4 Nxd5 4. Nf3 g6 5. c4 Nb6 6. Be3 Bg7 7. Nc3 O-O 8. h3 Nc6 9. d5 Ne5 10. Nxe5 Bxe5 11.
Bd4 Bxd4 12. Qxd4 e6 13. Rd1 exd5 14. c5 Re8+ 15. Be2 Nd7 16. Nxd5 c6 17. Ne3 Qe7 18. b4 a5 19. a3 axb4 20. axb4 Ra2 21. Bc4 Ra4 22.
O-O b5 23. Bb3 Ra3 24. Qc3 Ra7 25. Ng4 h5 26. Rfe1 Qf8 27. Rxe8 Qxe8 28. Rxd7 hxg4 29. Bxf7+ Qxf7 30. Rd8+ Qf8 31. Rxf8+ Kxf8 32. Qh8+ Ke7 33. Qg7+ Ke6 34. Qxa7 1-0

[Event "*** Titled Tuesday Blitz"]
[Site "Chess.com"]
[Date "2021.04.06"]
[Round "8"]
[White "kubal123"]
[Black "chessdiamant"]
[Result "0-1"]
[WhiteElo "2237"]
[BlackElo "2399"]
[TimeControl "180+1"]
[EndTime "11:28:30 PDT"]
[Termination "chessdiamant won by checkmate"]

1. e4 c5 2. Nf3 Nc6 3. d4 cxd4 4. Nxd4 e5 5. Nb5 d6 6. N1c3 a6 7. Na3 b5 8. Nd5 Nge7 9. c4 Nd4 10. cxb5 Nxd5 11. exd5 Bd7 12. bxa6 Qa5+ 13. Bd2 Qxd5 14. Be3 Qe4 15. Qb1 d5 16. Qxe4 dxe4 17. O-O-O Bxa3 18. bxa3 O-O 19. Bxd4 exd4 20. Rxd4 Rfc8+ 21. Kd2 Be6 22. Bb5 Rc5 23. a4 Rac8 24. Rxe4 Rc2+ 25. Ke3 Rxa2 26. Rd1 g5 27. Red4 Rc3+ 28. R1d3 Rcc2 29. Rd8+ Kg7 30. a7 Re2+ 31. Kd4 Rac2 32. a8=Q f5 33. Qa7+ Kh6 34. Rd7 Re4# 0-1

[Event "*** Titled Tuesday Blitz"]
[Site "Chess.com"]
[Date "2021.04.06"]
[Round "8"]
[White "woodhy"]
[Black "Irishchessman16"]
[Result "1-0"]
[WhiteElo "2427"]
[BlackElo "2289"]
[TimeControl "180+1"]
[EndTime "11:28:31 PDT"]
[Termination "woodhy won by resignation"]

1. e4 c5 2. Nf3 Nc6 3. Bb5 g6 4. O-O Bg7 5. c3 e5 6. Re1 Nge7 7. Na3 O-O 8. Nc2 d6 9. Ne3 h6 10. a4 Be6 11. Bc4 Qd7 12. b3 Na5 13. Bxe6 Qxe6 14.
b4 Nc4 15. d3 Nxe3 16. Bxe3 cxb4 17. cxb4 f5 18. b5 f4 19. Bd2 g5 20. Bb4 g4 21. Nh4 Bf6 22. Nf5 Nxf5 23. exf5 Qxf5 24. Bxd6 Rfd8 25. Qb3+ Kg7 26. Qa3 f3 27. g3 Qh5 28.
h4 gxh3 29. Kh2 Rd7 30. Re3 Rad8 31. Bc5 b6 32. Bb4 e4 33. Rd1 Qd5 34. Rxe4 Qxe4 35.
dxe4 Rxd1 36. Qxf3 Rb1 37. Qg4+ Kf7 38. e5 Rdd1 39.
Qh5+ Ke6 40. Qxh3+ Kxe5 41. Bc3+ Ke4 42. Qg4+ Kd3 43. Bxf6 1-0

[Event "*** Titled Tuesday Blitz"]
[Site "Chess.com"]
[Date "2021.04.06"]
[Round "8"]
[White "Tekushka"]
[Black "MasterMK73"]
[Result "1-0"]
[WhiteElo "2407"]
[BlackElo "2282"]
[TimeControl "180+1"]
[EndTime "11:28:32 PDT"]
[Termination "Tekushka won on time"]

1. e4 c5 2. Nf3 a6 3. c3 g6 4. d4 cxd4 5. cxd4 d5 6. exd5 Nf6 7. Nc3 Bg7 8. Bc4 b5 9. Bb3 Bb7 10. O-O O-O 11. Bg5 Re8 12. Re1 b4 13. Na4 Nxd5 14.
Nc5 Bc6 15. Ne5 h6 16. Bh4 Qd6 17. Rc1 e6 18. Qf3 Rf8 19. Ne4 Qc7 20. Bxd5 exd5 21.
Nf6+ Kh8 22. Qg3 Qb7 23. Qxg6 1-0

[Event "*** Titled Tuesday Blitz"]
[Site "Chess.com"]
[Date "2021.04.06"]
[Round "8"]
[White "Ermito2020"]
[Black "DeTimmerman"]
[Result "0-1"]
[WhiteElo "2578"]
[BlackElo "2843"]
[TimeControl "180+1"]
[EndTime "11:28:35 PDT"]
[Termination "DeTimmerman won on time"]

1. e4 e5 2. Nf3 Nc6 3. d4 exd4 4. Bc4 Nf6 5. O-O Nxe4 6. Re1 d5 7. Bxd5 Qxd5 8.
Nc3 Qh5 9. Nxe4 Be6 10. Bg5 h6 11.
Bf6 Qg6 12. Nh4 Qg4 13. Qd3 Qh5 14. a3 a6 15. b4 Qb5 16. c4 dxc3 17. Qxc3 Rg8 18.
Rad1 a5 19. bxa5 Qxa5 20. Qc2 Bxa3 21. Rb1 gxf6 22. Nxf6+ Ke7 23. Nxg8+ Rxg8 24. Nf5+ Kf8 25. Nxh6 Rg6 26. Nxf7 Bxf7 27. g3 Rf6 28. Re4 Bg6 29. Rxb7 Nd4 30. Rb8+ Kg7 31. Qc4 Nf3+ 32. Kg2 Bf7 33.
Rg4+ Ng5 34. Qd4 Qd5+ 35. Qxd5 Bxd5+ 36. Kg1 Rg6 37. h4 Nf3+ 38. Kf1 Rxg4 0-1

[Event "*** Titled Tuesday Blitz"]
[Site "Chess.com"]
[Date "2021.04.06"]
[Round "8"]
[White "Twitch_ElhamBlitz05"]
[Black "anasta10"]
[Result "1-0"]
[WhiteElo "2822"]
[BlackElo "2531"]
[TimeControl "180+1"]
[EndTime "11:28:36 PDT"]
[Termination "Twitch_ElhamBlitz05 won by checkmate"]

1. e4 e6 2. d4 d5 3. Nc3 Bb4 4.
e5 c5 5. a3 Bxc3+ 6. bxc3 Qa5 7. Bd2 Qa4 8. Nf3 Nc6 9. Rb1 c4 10. Be2 Nge7 11. O-O b6 12. Nh4 Bd7 13. f4 O-O-O 14. g3 Rdf8 15. Ng2 f6 16. Ne3 Kb8 17. Bf3 fxe5 18. fxe5 Be8 19. Qe2 Bg6 20. Bg4 Nd8 21.
Rfc1 h5 22. Rb4 Qd7 23. Bf3 h4 24. g4 h3 25. Rcb1 Nc8 26. a4 Nc6 27. Rb5 Rf7 28. a5 Rhf8 29. axb6 axb6 30. Nxd5 Rxf3 31. Nxb6 Nxb6 32.
Rxb6+ Kc8 33. Qxc4 Kd8 34. Rxc6 Rf2 35. Bg5+ Ke8 36.
Rxe6+ Kf7 37. Re7# 1-0

[Event "*** Titled Tuesday Blitz"]
[Site "Chess.com"]
[Date "2021.04.06"]
[Round "8"]
[White "FMOlexandrProhorov"]
[Black "PushingpawnsNYC"]
[Result "1-0"]
[WhiteElo "2218"]
[BlackElo "2306"]
[TimeControl "180+1"]
[EndTime "11:28:36 PDT"]
[Termination "FMOlexandrProhorov won on time"]

1. Nf3 g6 2. d4 Bg7 3. Bf4 Nf6 4.
e3 d5 5. h3 O-O 6. Be2 Nc6 7. O-O Nd7 8. c4 Nb6 9. c5 Nd7 10. Nc3 e5 11. dxe5 Ncxe5 12. Qxd5 Qe7 13. Bg5 Nxf3+ 14. Bxf3 Qe5 15. Bf4 Qxd5 16. Nxd5 Nxc5 17.
Nxc7 Rb8 18. Bd6 Ne6 19. Bxf8 Nxf8 20. Rad1 Ne6 21. Nxe6 Bxe6 22. b3 b5 23. Bd5 Bf5 24. e4 Bc8 25. Rc1 Ba6 26. Rc7 b4 27. Bxf7+ Kh8 28.
Rd1 Bb5 29. Rxa7 Rf8 30. Bc4 Bc6 31. f3 Bh6 32. Kh1 Be3 33. Rc7 Be8 34. Rd8 1-0

[Event "*** Titled Tuesday Blitz"]
[Site "Chess.com"]
[Date "2021.04.06"]
[Round "8"]
[White "laskerisalive"]
[Black "DonBroca"]
[Result "1-0"]
[WhiteElo "2385"]
[BlackElo "2214"]
[TimeControl "180+1"]
[EndTime "11:28:37 PDT"]
[Termination "laskerisalive won on time"]

1. g3 Nf6 2. Bg2 g6 3. b3 Bg7 4. Bb2 O-O 5. c4 c6 6. Nf3 d5 7. d3 Nbd7 8. O-O Re8 9. cxd5 cxd5 10. Nc3 e5 11. Nb5 a6 12. Nd6 Re6 13. Nxc8 Rxc8 14. Bh3 Re8 15. Qd2 e4 16. Nd4 Qb6 17. e3 exd3 18.
Qxd3 Nc5 19. Qe2 Rcd8 20. Rac1 Nce4 21. Rc2 Ng5 22. Bg2 Nfe4 23. Rfc1 Be5 24. f4 Nxg3 25.
hxg3 Bxd4 26. Bxd4 Qxd4 27. exd4 Rxe2 28. Rxe2 Ne6 29.
Rxe6 fxe6 30. Rc7 b5 31. Bh3 Rd6 32. Re7 a5 33. Rxe6 1-0

[Event "*** Titled Tuesday Blitz"]
[Site "Chess.com"]
[Date "2021.04.06"]
[Round "8"]
[White "PotapovaM"]
[Black "CakeinSpace2002"]
[Result "0-1"]
[WhiteElo "2466"]
[BlackElo "2340"]
[TimeControl "180+1"]
[EndTime "11:28:38 PDT"]
[Termination "CakeinSpace2002 won by checkmate"]

1. e4 c5 2. Nf3 Nc6 3. Bb5 g6 4. Bxc6 dxc6 5. O-O Bg7 6. h3 Qc7 7. d3 e5 8. Be3 b6 9. Nbd2 Ne7 10. Nc4 O-O 11. a3 Be6 12. b4 Rad8 13. Qe2 h6 14.
bxc5 b5 15. Nd6 a5 16. Qd2 Kh7 17. h4 f5 18. Bg5 fxe4 19. dxe4 Bc4 20. Bxe7 Qxe7 21.
Rfe1 Rf4 22. Qxa5 Rxf3 23. gxf3 Qxh4 24. Qd2 h5 25. f4 Qg4+ 26. Kh1 Qf3+ 27. Kg1 exf4 28.
Rab1 Qg4+ 29. Kh1 f3 30. Kh2 Be5+ 31. Kh1 Qg2# 0-1

[Event "*** Titled Tuesday Blitz"]
[Site "Chess.com"]
[Date "2021.04.06"]
[Round "8"]
[White "Annagozel"]
[Black "Manukyan_Artak"]
[Result "0-1"]
[WhiteElo "1871"]
[BlackElo "2425"]
[TimeControl "180+1"]
[EndTime "11:28:39 PDT"]
[Termination "Manukyan_Artak won on time"]

1. e4 c6 2. d4 d5 3. e5 Bf5 4. h4 h5 5. Bd3 Bxd3 6. Qxd3 Qa5+ 7. Nd2 Qa6 8. c4 e6 9. Ne2 Nh6 10. Ng3 g6 11. O-O Be7 12. b4 Bxh4 13. b5 cxb5 14. cxb5 Qb6 15. Ba3 Be7 16. Rfc1 Nd7 17. Bxe7 Kxe7 18.
a4 Rhc8 19. Nb3 Kf8 20. Qe3 Ng4 21. Qf4 Kg7 22. a5 Qd8 23. Nd2 Rxc1+ 24. Rxc1 Rc8 25. Rxc8 Qxc8 26. Nf3 Qc2 27. Ng5 Qd1+ 28. Nf1 Nh6 29. Kh2 Nf5 30. Nf3 Qxf1 31. g4 Qxf2+ 32. Kh3 hxg4+ 33. Qxg4 Qe3 0-1

[Event "*** Titled Tuesday Blitz"]
[Site "Chess.com"]
[Date "2021.04.06"]
[Round "8"]
[White "steka121"]
[Black "Airquake"]
[Result "0-1"]
[WhiteElo "2366"]
[BlackElo "2676"]
[TimeControl "180+1"]
[EndTime "11:28:40 PDT"]
[Termination "Airquake won by resignation"]

1. e4 c5 2. b3 Nc6 3. Bb2 e6 4. Nf3 d5 5. Bb5 Ne7 6. Ne5 Qb6 7. Qe2 dxe4 8. Na3 a6 9. Bxc6+ Nxc6 10. Qxe4 Nxe5 11.
Qxe5 Bd7 12. Nc4 Qc6 13. O-O-O Qxg2 14. Rhg1 Qc6 15. Rxg7 Bxg7 16. Qxg7 O-O-O 17. Be5 f6 18. Qxf6 Rdf8 19. Qe7 Rhg8 20. d4 b5 21. Nd6+ Kb8 22. dxc5 Ka8 23. Nxb5 Rd8 24. Nc7+ Kb7 25. Rd6 Qxc5 26.
Rxd7 Rg1+ 27. Kb2 Qxe5+ 28. c3 Rxd7 29. Qxd7 Qxc7 0-1

[Event "*** Titled Tuesday Blitz"]
[Site "Chess.com"]
[Date "2021.04.06"]
[Round "8"]
[White "Cryptochess"]
[Black "KacperPolOK"]
[Result "0-1"]
[WhiteElo "2539"]
[BlackElo "2422"]
[TimeControl "180+1"]
[EndTime "11:28:41 PDT"]
[Termination "KacperPolOK won by resignation"]

1. e4 c5 2. Nf3 Nc6 3. d4 cxd4 4. Nxd4 e5 5. Nb5 d6 6. c4 Be7 7. Be3 Be6 8. Be2 a6 9. N5c3 Bg5 10. Bxg5 Qxg5 11.
O-O Nge7 12. Nd2 Nd4 13. Nf3 Nxf3+ 14. Bxf3 Rd8 15. Nd5 O-O 16. Qb3 Ng6 17. g3 f5 18.
Qxb7 f4 19. Qxa6 Bh3 20. Bg2 Bxg2 21. Kxg2 Nh4+ 22. Kh1 Nf3 23. Rg1 Nxg1 24. Rxg1 fxg3 25. fxg3 Rf2 26. Qb6 Rdf8 27. Qe3 Qh5 28. h4 Qg4 0-1

[Event "*** Titled Tuesday Blitz"]
[Site "Chess.com"]
[Date "2021.04.06"]
[Round "8"]
[White "evgchess5"]
[Black "Sanyura"]
[Result "1-0"]
[WhiteElo "2902"]
[BlackElo "2598"]
[TimeControl "180+1"]
[EndTime "11:28:42 PDT"]
[Termination "evgchess5 won on time"]

1. e4 c5 2. Nf3 e6 3. d4 cxd4 4. Nxd4 Nc6 5. Nc3 Nf6 6. Ndb5 Bc5 7. Bf4 O-O 8. Bc7 Qe7 9. Bd6 Bxd6 10. Qxd6 Qd8 11. O-O-O a6 12. Nd4 Ne7 13. f3 b5 14.
Nb3 Bb7 15. Nc5 Bc6 16. Nd3 a5 17. Ne5 b4 18. Nxc6 Nxc6 19. Na4 Ra7 20. Bb5 Rc7 21. Bxc6 Rxc6 22. Qxc6 dxc6 23. Rxd8 Rxd8 24. Nc5 Kf8 25. Rd1 Rxd1+ 26. Kxd1 Ke7 27. Nb7 a4 28. Nc5 a3 29.
bxa3 bxa3 30. Kd2 Kd6 31. Nd3 Nd7 32. Kc3 c5 33. Kc4 Nb6+ 34. Kb5 Nd7 35. f4 f6 36. c4 e5 37. f5 h5 38. g3 Kc7 39.
Nxc5 1-0

[Event "*** Titled Tuesday Blitz"]
[Site "Chess.com"]
[Date "2021.04.06"]
[Round "8"]
[White "IMAghasiyevKamal"]
[Black "blitzking1729"]
[Result "1/2-1/2"]
[WhiteElo "2528"]
[BlackElo "2627"]
[TimeControl "180+1"]
[EndTime "11:28:44 PDT"]
[Termination "Game drawn by agreement"]

1. d4 d5 2. c4 e6 3. Nc3 c5 4. e3 Nf6 5. Nf3 Nc6 6. a3 a6 7.
dxc5 Bxc5 8. b4 Ba7 9. Bb2 dxc4 10. Qxd8+ Kxd8 11. Bxc4 b5 12. Be2 Bd7 13. O-O Ke7 14.
Rfd1 Rhd8 15. Rac1 Rac8 16. Nb1 Be8 17. Nbd2 Nb8 18.
Nb3 Rxd1+ 19. Bxd1 Rxc1 20. Bxc1 Nc6 21. Bb2 Bb6 22. Be2 Kf8 23. Kf1 Nd5 24. Ke1 a5 25. Bxb5 axb4 26. axb4 Ncxb4 27. Bxe8 Nd3+ 28. Kd2 Nxb2 29. Bb5 Nc7 30. Bd3 Nxd3 31. Kxd3 Ke7 32. Nfd4 Nd5 33. g3 Nf6 34. f3 Nd7 35. e4 Ne5+ 36. Ke2 Nd7 37. f4 f6 38. Kf3 e5 39.
Nf5+ Kf8 40. Nd6 exf4 41. gxf4 Bc7 42. Nc4 h6 43. Kg4 g5 44. fxg5 fxg5 45. h3 1/2-1/2

[Event "*** Titled Tuesday Blitz"]
[Site "Chess.com"]
[Date "2021.04.06"]
[Round "8"]
[White "xurramid77"]
[Black "DenLaz"]
[Result "0-1"]
[WhiteElo "2623"]
[BlackElo "2832"]
[TimeControl "180+1"]
[EndTime "11:28:45 PDT"]
[Termination "DenLaz won on time"]

1. e4 e5 2. Nf3 Nc6 3. Bc4 Bc5 4. c3 Nf6 5. d3 d6 6. Bb3 a6 7. Nbd2 h6 8. Nf1 O-O 9. Ng3 Be6 10. O-O d5 11.
Qe2 Re8 12. h3 Qd7 13. Kh2 Rad8 14. Bc2 b5 15. Rd1 d4 16. Bb3 Bb6 17. Bxe6 Qxe6 18.
a4 dxc3 19. bxc3 b4 20. c4 Nd4 21. Nxd4 Bxd4 22. Rb1 a5 23. Nf5 Nd7 24. Qg4 Qg6 25.
Qf3 Nc5 26. Be3 Nxa4 27. Bxd4 exd4 28. Re1 Nc3 29. Rb2 c5 30. Nh4 Qg5 31. Nf5 a4 32.
h4 Qf6 33. Qg3 a3 34. Rb3 a2 35. Ra1 Kh7 36. Rb2 g6 0-1

[Event "*** Titled Tuesday Blitz"]
[Site "Chess.com"]
[Date "2021.04.06"]
[Round "8"]
[White "KNCP_719"]
[Black "QuintilianoR"]
[Result "0-1"]
[WhiteElo "2574"]
[BlackElo "2703"]
[TimeControl "180+1"]
[EndTime "11:28:45 PDT"]
[Termination "QuintilianoR won on time"]

1. e4 c5 2. Nf3 d6 3. Bb5+ Nd7 4. c3 Nf6 5. Qe2 a6 6. Ba4 b5 7. Bc2 c4 8. b3 cxb3 9. axb3 Bb7 10. d4 e5 11. O-O Rc8 12. Rd1 Qc7 13. Ba3 Be7 14.
Bb4 O-O 15. Nbd2 Rfe8 16. Nf1 d5 17. Bxe7 Rxe7 18. exd5 Nxd5 19. dxe5 Nf4 20. Qe3 Nxe5 21. Nxe5 Qxe5 22. Qxe5 Rxe5 23. Ne3 Nxg2 24. Nxg2 Rg5 25. Rd7 Bxg2 26. h4 Bc6+ 27. hxg5 Bxd7 28. Rxa6 Rxc3 29. Be4 g6 30. Bd5 Rc5 31. Rd6 Be6 32. Bxe6 Rxg5+ 33. Kf1 fxe6 34. Rxe6 Kf7 35. Rb6 h5 36. f3 Re5 37.
Kf2 Kg7 38. Kg3 Rc5 39. b4 Rd5 40. Kf4 Rf5+ 41. Kg3 Kh6 42. Rb8 Rd5 43. Rb6 Kg5 44.
Rb8 Kf6 45. Kh3 Kg5 46. Kg3 Rf5 47. Rb7 h4+ 48. Kg2 Kf4 0-1